 Dungeon Crawl Stone Soup version 0.31.0-1-g2c135a008e (webtiles) character file.

Game seed: 4430727608208598247

63 GreatBamboolord the Shooter (level 3, 0/26 HPs)
             Began as a Demonspawn Wanderer on Jan 20, 2024.
             Was a Follower of Trog.
             Incinerated by a bombardier beetle (5 damage)
             ... with a burning spray
             ... on level 3 of the Dungeon.
             The game lasted 00:02:29 (1448 turns).

GreatBamboolord the Shooter (Demonspawn Wanderer)   Turns: 1448, Time: 00:02:29

Health: 0/26       AC:  7    Str: 10    XL:     3   Next: 87%
Magic:  8/8        EV:  8    Int: 11    God:    Trog [*.....]
Gold:   172        SH:  0    Dex: 17    Spells: 9/10 levels left

rFire   . . .        a - +2 sling
rCold   . . .        (no shield)
rNeg    . . .        b - +0 scale mail
rPois   .            (no helmet)
rElec   .            (no cloak)
rCorr   .            (no gloves)
SInv    .            h - +0 pair of boots
Will    .....        (no amulet) Stlth
                     (no ring)
HPRegen 0.24/turn    (no ring)
MPRegen 0.11/turn

%: no passive effects
@: on fire, glowing
A: powered by death 1, weakness stinger 1
a: Renounce Religion, Berserk


You were on level 3 of the Dungeon.
You worshipped Trog.
Trog was aware of your devotion.
You visited 1 branch of the dungeon, and saw 3 of its levels.

You collected 172 gold pieces.

Inventory:

Hand Weapons
 a - a +2 sling (weapon)
 k - a +0 dagger of venom
Armour
 b - a +0 scale mail (worn)
 h - a +0 pair of boots (worn)
Scrolls
 c - 3 scrolls of fog
 e - 2 scrolls of teleportation {unknown}
 f - a scroll of acquirement {unknown}
 g - a scroll of identify {unknown}
 l - a scroll of blinking {unknown}
Potions
 d - a potion of enlightenment {unknown}
 i - 2 potions of might {unknown}
 j - a potion of cancellation {unknown}
 m - a potion of ambrosia {unknown}


   Skills:
 + Level 1.1 Fighting
 * Level 4.1 Ranged Weapons
 * Level 2.6 Armour
 + Level 1.0 Dodging
 - Level 4.0 Spellcasting


You had 9 spell levels left.
You knew the following spells:

 Your Spells              Type           Power      Damage    Failure   Level
a - Sandblast             Erth           4%         2d4       83%         1

Your spell library contained the following spells:

 Spells                   Type           Power      Damage    Failure   Level
 Inner Flame              Hex/Fire       2%         N/A       99%         3
 Stone Arrow              Conj/Erth      4%         3d7       99%         3
 Irradiate                Conj/Alch      1%         3d12      100%        5
 Ignition                 Fire           1%         3d3       100%        8


Dungeon Overview and Level Annotations

Branches:
Dungeon (3/15)

Altars:
Trog
Uskayaw

Shops:
D:1 [


Innate Abilities, Weirdness & Mutations

You regenerate a little health from kills.
You have a small tail.


Message History

The liquid fire burns you!
Fire: a) +2 sling
Press: ? - help, Q - select action Shift-Dir - straight line, f/p - bombardier beetle
Aim: a bombardier beetle (heavily wounded, 72% to hit)
You shoot a sling bullet.
The sling bullet hits the quokka but does no damage.
The liquid fire burns you!
The quokka bites you but does no damage. x2
Fire: a) +2 sling
Press: ? - help, Q - select action Shift-Dir - straight line, f/p - bombardier beetle
Aim: a bombardier beetle (heavily wounded, 72% to hit)
You shoot a sling bullet. The sling bullet hits the quokka.
You kill the quokka!
Trog accepts your kill. The liquid fire burns you!
Fire: a) +2 sling
Press: ? - help, Q - select action Shift-Dir - straight line, f/p - bombardier beetle
Aim: a bombardier beetle (heavily wounded, 72% to hit)
You shoot a sling bullet.
The sling bullet hits the bombardier beetle.
The bombardier beetle is heavily wounded.
The liquid fire burns you!
Fire: a) +2 sling
Press: ? - help, Q - select action Shift-Dir - straight line, f/p - bombardier beetle
Aim: a bombardier beetle (heavily wounded, 72% to hit)
You shoot a sling bullet.
The sling bullet hits the bombardier beetle.
The bombardier beetle is almost dead.
The liquid fire burns you!
* * * LOW HITPOINT WARNING * * *
The bombardier beetle barely misses you.
Fire: a) +2 sling
Press: ? - help, Q - select action Shift-Dir - straight line, f/p - bombardier beetle
Aim: a bombardier beetle (almost dead, 72% to hit)
You shoot a sling bullet.
The sling bullet hits the bombardier beetle.
You kill the bombardier beetle!
Trog accepts your kill. The liquid fire burns you!
You die...

..?... .. ...... ..
...... .# ......###$#
.......... ##.......
........#. ..... ...#†#.#
#..♣.. #.#@#.##......<
####......#...♣...
#.#.....###.#.........
........##.....#..♣.. ###
...####.............##...
.. ##.#...............
#.##..##..........
#.##.###.......... #.##.#
#..........


There were no monsters in sight!

Vanquished Creatures
  A bombardier beetle (D:3)
  Terence (D:2)
  An adder (D:2)
  3 endoplasms
  A giant cockroach (D:2)
  A goblin (D:1)
  A hobgoblin (D:2)
  5 kobolds
  2 quokkas
  2 ball pythons
  4 bats
  4 frilled lizards (D:1)
  3 rats
29 creatures vanquished.

Notes
Turn   | Place    | Note
-------+----------+-------------------------------------------
     0 | D:1      | GreatBamboolord the Demonspawn Wanderer began the quest for
                  | the Orb.
     0 | D:1      | GreatBamboolord set off with the following items: a +2
                  | sling, a +0 scale mail, a scroll of fog; and the following
                  | spell memorised: Sandblast; and the following spells
                  | available to memorise: Stone Arrow.
     0 | D:1      | Reached XP level 1. HP: 13/13 MP: 5/5
    26 | D:1      | Found Ullued's Armour Shop.
   320 | D:1      | Gained mutation: You have a small tail. [demonic ancestry]
   320 | D:1      | Reached XP level 2. HP: 20/20 MP: 7/7
   670 | D:2      | Found a faded altar of an unknown god.
   690 | D:2      | Prayed at the altar of an unknown god.
   690 | D:2      | Became a worshipper of Trog the Wrathful
   690 | D:2      | Reached * piety under Trog
   773 | D:2      | Gained mutation: You regenerate a little health from kills.
                  | [demonic ancestry]
   773 | D:2      | Reached XP level 3. HP: 25/25 MP: 8/8
  1269 | D:2      | Found a hide-covered altar of Uskayaw.
  1301 | D:3      | Noticed Terence
  1320 | D:2      | Killed Terence
  1321 | D:2      | Reached skill level 1 in Fighting
  1321 | D:2      | Reached skill level 1 in Dodging
  1448 | D:3      | Incinerated by a bombardier beetle

Illustrated notes

Levels and vault maps discovered:
D:1:      nzn_arrival_crosshair, layout_basic, serial_shops,
          nicolae_shop_scrapyard, minmay_lizard_king
D:2:      layout_loops_ring, basic_altar, ebering_ecumenical_altar_rust
D:3:      layout_rooms, hangedman_glass_teeth, grunt_ministairs_9,
          minmay_randomly_rotated_circles, uniq_terence

Skill      XL: |  1  2  3 |
---------------+----------+-----
Armour         | 2 |  2.6
Ranged Weapons | 4 |  4.1
Fighting       | 1 |  1.1
Dodging        | 1 |  1.0
Spellcasting   | |  4.0

Action                     || total
---------------------------++-------
   Fire: Sling             ||    85
 Armour: Scale mail        ||    44
  Dodge: Dodged            ||    37
